 Dungeon Crawl Stone Soup version 0.27-a0-686-gaed091b46b (webtiles) character file.

Game seed: 7331344044403795934

3393 rednaxela the Thaumaturge (level 9, 0/57 HPs)
             Began as a Mummy Necromancer on Mar 20, 2021.
             Was a Follower of Sif Muna.
             Slain by an orc warrior
             ... wielding a +0 war axe
              (16 damage)
             ... on level 9 of the Dungeon.
             The game lasted 00:34:25 (14417 turns).

rednaxela the Thaumaturge (Mummy Necromancer)      Turns: 14417, Time: 00:34:26

Health: 0/57       AC:  5    Str: 11    XL:     9   Next: 75%
Magic:  25/34      EV: 11    Int: 18    God:    Sif Muna [*.....]
Gold:   5          SH:  7    Dex: 12    Spells: 19/32 levels left

rFire    x . .     SeeInvis .   a - +7 dagger of Symmetry {vorpal, rPois rC+ rN+ Will+}
rCold    + + .     Faith    .   j - +2 buckler
rNeg     + + +     Spirit   .   o - +1 leather armour {rN+}
rPois    ∞         Reflect  .   (no helmet)
rElec    .         Harm     .   (no cloak)
rCorr    .         Rampage  .   B - +0 pair of gloves
Will     ++...                  (no boots)
Stlth    +.........             (no amulet)
HPRegen  0.19/turn              r - ring of magical power
MPRegen  0.24/turn              (no ring)

@: no status effects
A: cold resistance 1, negative energy resistance 3, torment resistance 2,
unbreathing 1, heat vulnerability 1, no potions
a: Renounce Religion, Channel Magic


You were on level 9 of the Dungeon.
You worshipped Sif Muna.
Sif Muna was aware of your devotion.
You visited 2 branches of the dungeon, and saw 10 of its levels.

You collected 530 gold pieces.
You spent 525 gold pieces at shops.

Inventory:

Hand Weapons
 a - the +7 dagger of Symmetry (weapon) {vorpal, rPois rC+ rN+ Will+}
   (You found it on level 4 of the Dungeon)

   It inflicts extra damage upon your enemies.
   It protects you from cold.
   It protects you from poison.
   It protects you from negative energy.
   It affects your willpower, your defense against some magical effects.
 b - a +1 flail of venom
   (You took it off Edmund on level 5 of the Dungeon)
 g - a +2 short sword of freezing
   (You took it off a kobold on level 2 of the Dungeon)
Missiles
 c - 200 stones
 n - 39 poisoned darts (quivered)
Armour
 j - a +2 buckler (worn)
   (You found it on level 4 of the Dungeon)
 o - a +1 leather armour of positive energy (worn)
   (You took it off an orc wizard on level 6 of the Dungeon)
 z - a +1 ring mail of fire resistance
   (You found it on level 8 of the Dungeon)
 B - a +0 pair of gloves (worn)
   (You found it on level 9 of the Dungeon)
Magical Staves
 y - a staff of air
   (You found it on level 8 of the Dungeon)
Jewellery
 f - a ring of ice
   (You found it on level 3 of the Dungeon)
 h - an amulet of guardian spirit
   (You found it on level 3 of the Dungeon)
 r - a ring of magical power (right hand)
   (You found it on level 6 of the Dungeon)
Wands
 k - a wand of flame (16) {@v4}
   (You found it on level 8 of the Dungeon)
 s - a wand of paralysis (12)
   (You found it on level 7 of the Dungeon)
 t - a wand of digging (6) {@v3}
   (You found it on level 7 of the Dungeon)
Scrolls
 d - a scroll of holy word
 e - 2 scrolls of amnesia
 i - a scroll of enchant weapon {unknown}
 l - a scroll of acquirement {unknown}
 m - 2 scrolls of teleportation {@r3 !r}
 p - a scroll of immolation {unknown}
 q - 2 scrolls of magic mapping {@r5 !r}
 u - a scroll of silence {unknown}
 v - a scroll of torment {unknown}
 w - a scroll of enchant armour {unknown}
 x - 2 scrolls of vulnerability {unknown}
 A - a scroll of summoning


   Skills:
 - Level 1.5 Dodging
 - Level 1.5 Stealth
 - Level 4.0 Shields
 - Level 12.4 Spellcasting
 + Level 3.3 Conjurations
 - Level 6.0 Necromancy
 + Level 3.4 Fire Magic


You had 19 spell levels left.
You knew the following spells:

 Your Spells              Type           Power      Damage    Failure   Level
a - Pain                  Necr           100%       1d9       1%          1
b - Sticky Flame          Conj/Fire      23%        2d4       21%         4
c - Vampiric Draining     Necr           16%        2d8       1%          3
d - Agony                 Necr           32%        N/A       19%         5

Your spell library contained the following spells:

 Spells                   Type           Power      Damage    Failure   Level
 Animate Skeleton         Necr           64%        N/A       1%          1
 Foxfire                  Conj/Fire      92%        2x1d8     1%          1
 Conjure Flame            Conj/Fire      23%        6-21      6%          3
 Animate Dead             Necr           16%        N/A       7%          4
 Apportation              Tloc           22%        N/A       9%          1
 Corona                   Hex            12%        N/A       9%          1
 Freeze                   Ice            44%        1d6       9%          1
 Summon Small Mammal      Summ           44%        N/A       9%          1
 Call Imp                 Summ           11%        N/A       12%         2
 Inner Flame              Hex/Fire       17%        N/A       12%         3
 Call Canine Familiar     Summ           11%        N/A       24%         3
 Confusing Touch          Hex            11%        N/A       24%         3
 Frozen Ramparts          Ice            22%        1d4       24%         3
 Gell's Gravitas          Tloc           5%         N/A       24%         3
 Ozocubu's Armour         Ice            11%        N/A       24%         3
 Summon Guardian Golem    Hex/Summ       11%        N/A       24%         3
 Hailstorm                Conj/Ice       17%        3d6       38%         4
 Fireball                 Conj/Fire      11%        3d7       50%         5
 Petrify                  Tmut/Erth      11%        N/A       63%         4
 Summon Ice Beast         Ice/Summ       11%        N/A       63%         4
 Summon Lightning Spire   Summ/Air       11%        N/A       63%         4
 Metabolic Englaciation   Hex/Ice        5%         N/A       92%         5
 Yara's Violent Unravell  Hex/Tmut       5%         3d4       92%         5


Dungeon Overview and Level Annotations

Branches:
Dungeon (9/15)             Temple (1/1) D:5
   Lair: D:8-11         Orc: D:9-12

Altars:
Ashenzari
Cheibriados
Dithmenos
Elyvilon
Fedhas
Gozag
Hepliaklqana
Kikubaaqudgha
Makhleb
Nemelex Xobeh
Okawaru
Qazlal
Ru
Sif Muna
Trog
Uskayaw
Vehumet
Wu Jian
Xom
Yredelemnul
Zin
The Shining One

Shops:
D:7 [   D:8 :

Annotations:
D:7 exclusion: ugly thing
D:8 exclusion: downstairs


Innate Abilities, Weirdness & Mutations

You are immune to poison.
Your flesh is cold resistant. (rC+)
You are immune to negative energy. (rN+++)
You are immune to unholy pain and torment.
You can survive without breathing.
You are vulnerable to heat. (rF-)
You do not drink.


Message History

You see here a +0 robe.
There is a stone staircase leading down here.
You climb downwards.
Level annotation: exclusion: downstairs
There is a stone staircase leading up here.
Done exploring.
Done exploring.
You see here a +0 leather armour.
There is a stone staircase leading down here.
You climb downwards.
Found a red potion and a barding.
There is a stone staircase leading up here.
Okay, then.
Found an escape hatch in the floor.
A bullfrog skeleton comes into view.
The bullfrog skeleton hits you.
You puncture the bullfrog skeleton!
The bullfrog skeleton is moderately damaged.
You block the bullfrog skeleton's attack.
You hit the bullfrog skeleton.
The bullfrog skeleton is heavily damaged.
You block the bullfrog skeleton's attack.
You barely miss the bullfrog skeleton.
The bullfrog skeleton is heavily damaged.
The bullfrog skeleton barely misses you.
The bullfrog skeleton misses you.
You barely miss the bullfrog skeleton.
The bullfrog skeleton is heavily damaged.
You block the bullfrog skeleton's attack.
You puncture the bullfrog skeleton!
The bullfrog skeleton is severely damaged.
The bullfrog skeleton hits you but does no damage.
You hit the bullfrog skeleton.
The bullfrog skeleton is almost destroyed.
The bullfrog skeleton hits you but does no damage.
You hit the bullfrog skeleton.
You destroy the bullfrog skeleton!
An orc comes into view. It is wielding a +0 dagger.
An orc warrior comes into view. It is wielding a +0 war axe.
The orc warrior shouts!
You hear a shout!
The orc shouts!
You hit the orc.
The orc is heavily wounded.
The orc hits you with a +0 dagger.
You puncture the orc!
You kill the orc!
Casting: Pain (safe; 1% risk of failure)
Confirm with . or Enter, or press ? or * to list all spells.
The spell is quite dangerous to cast (21% risk of failure)!
Continue anyway?
Aiming: Sticky Flame (quite dangerous; 21% risk of failure)
Press: ? - help, Shift-Dir - straight line, f - orc warrior
Aim: an orc warrior, wielding a +0 war axe and wearing a +0 chain mail (0% to evade)
The sticky flame hits the orc warrior but does no damage.
The orc warrior is covered in liquid flames!
The orc warrior burns!
The orc warrior hits you with a +0 war axe!
* * * LOW HITPOINT WARNING * * *
The orc warrior burns!
The orc warrior burns!
The orc warrior burns!
The orc warrior burns!
You block the orc warrior's attack.
An orc and 2 orc priests come into view.
The orc priest shouts!
The orc warrior burns!
The orc warrior stops burning.
The orc shouts!
The orc priest shouts!
Casting: Sticky Flame (quite dangerous; 21% risk of failure)
Confirm with . or Enter, or press ? or * to list all spells.
The spell is quite dangerous to cast (21% risk of failure)!
Continue anyway?
Aiming: Sticky Flame (quite dangerous; 21% risk of failure)
Press: ? - help, Shift-Dir - straight line, f - orc priest, p - orc warrior
Aim: an orc priest, wielding a +0 falchion (0% to evade)
The sticky flame hits the orc priest.
The orc priest is lightly wounded.
The orc priest is covered in liquid flames!
The orc priest burns!
The orc hits you from afar with a +0 trident.
* * * LOW HITPOINT WARNING * * *
You puncture the orc priest!
You kill the orc priest!
The orc warrior completely misses you.
The orc hits you from afar with a +0 trident.
* * * LOW HITPOINT WARNING * * *
The orc priest looks satisfied for a moment.
Casting: Sticky Flame (quite dangerous; 21% risk of failure)
Confirm with . or Enter, or press ? or * to list all spells.
The spell is quite dangerous to cast (21% risk of failure)!
Continue anyway? [Y]es or [N]o only, please.
The spell is quite dangerous to cast (21% risk of failure)!
Continue anyway?
Aiming: Sticky Flame (quite dangerous; 21% risk of failure)
Press: ? - help, Shift-Dir - straight line, f - orc priest
Aim: an orc priest, wielding a +0 dagger and wearing a +0 chain mail (0% to evade)
The sticky flame hits the orc priest but does no damage.
The orc priest is covered in liquid flames!
The orc priest burns!
The orc warrior hits you with a +0 war axe!
* * * LOW HITPOINT WARNING * * *
The orc hits you from afar with a +0 trident.
* * * LOW HITPOINT WARNING * * *
The orc priest burns!
The orc warrior hits you with a +0 war axe!
You die...

...# #..#
##########..#
......).....#
..########..#
#..#
#######..#
.........#
.......@o#
......o..#
########o#
########.#
.........#
.....>...#
########.#
#.#
########.#


You could see an orc warrior, an orc priest (burning) and an orc.

Vanquished Creatures
  A hornet (D:7)
  Edmund (D:5)
  3 sky beasts
  An ice beast (D:8)
  An orc warrior (D:8)
  5 ogres
  4 centaurs
  5 bullfrogs
  A water moccasin skeleton (D:8)
  2 scorpions
  3 wights (D:5)
  A bullfrog zombie (D:7)
  A jelly (D:6)
  A quasit (D:8)
  3 hounds
  3 bullfrog skeletons
  A centaur skeleton (D:5)
  3 orc priests
  2 iguanas
  15 orc wizards
  8 worker ants
  A killer bee zombie (D:8)
  3 gnolls (D:4)
  9 adders
  3 shadow imps
  A white imp (D:8)
  An adder zombie (D:8)
  2 adder skeletons
  3 worms
  6 dart slugs
  6 leopard geckos
  22 orcs
  3 giant cockroaches
  10 goblins
  2 hobgoblins (D:2)
  4 jackals (D:2)
  5 quokkas
  2 ball pythons
  6 bats
  3 frilled lizards (D:2)
  A jackal skeleton (D:8)
  5 kobolds
  A leopard gecko skeleton (D:8)
  A quokka skeleton (D:5)
  7 rats
172 creatures vanquished.

Notes
Turn   | Place    | Note
-------+----------+-------------------------------------------
     0 | D:1      | rednaxela the Mummy Necromancer began the quest for the
                  | Orb.
     0 | D:1      | Reached XP level 1. HP: 13/13 MP: 4/4
   217 | D:2      | Reached skill level 3 in Spellcasting
   377 | D:1      | Reached XP level 2. HP: 19/19 MP: 4/6
  1114 | D:1      | Reached XP level 3. HP: 21/24 MP: 1/8
  1517 | D:2      | Reached skill level 4 in Spellcasting
  1951 | D:2      | Reached XP level 4. HP: 30/30 MP: 2/10
  2506 | D:3      | Found a snail-covered altar of Cheibriados.
  2513 | D:3      | Found a faded altar of an unknown god.
  2606 | D:3      | Reached skill level 5 in Necromancy
  3202 | D:4      | Noticed an ogre
  3205 | D:4      | Learned a level 3 spell: Vampiric Draining
  3381 | D:4      | Reached skill level 1 in Shields
  3381 | D:4      | Reached XP level 5. HP: 35/35 MP: 7/12
  3721 | D:4      | Reached skill level 2 in Shields
  4253 | D:4      | Identified the +7 dagger of Symmetry {vorpal, rPois rC+ rN+
                  | Will+}
  4410 | D:4      | Found a radiant altar of Vehumet.
  4588 | D:5      | Entered Level 5 of the Dungeon
  4625 | D:5      | Reached skill level 3 in Shields
  4625 | D:5      | Reached XP level 6. HP: 28/41 MP: 8/13
  4752 | D:5      | Found a staircase to the Ecumenical Temple.
  4761 | Temple   | Entered the Ecumenical Temple
  4938 | Temple   | Became a worshipper of Sif Muna the Loreminder
  5631 | D:5      | Found a sacrificial altar of Ru.
  5721 | D:5      | Reached skill level 4 in Shields
  5922 | D:5      | Reached skill level 5 in Spellcasting
  6718 | D:6      | Reached XP level 7. HP: 25/46 MP: 8/15
  7522 | D:6      | Reached skill level 6 in Spellcasting
  7522 | D:6      | Reached skill level 6 in Necromancy
  8135 | D:6      | Reached skill level 7 in Spellcasting
  8429 | D:6      | Noticed Edmund
  8508 | D:5      | Killed Edmund
  8509 | D:5      | Reached skill level 8 in Spellcasting
  8509 | D:5      | Reached XP level 8. HP: 47/52 MP: 8/20
  9302 | D:7      | Found Cheibriados's Comfort Zone.
  9303 | D:7      | Found a snail-covered altar of Cheibriados.
  9407 | D:7      | Reached skill level 9 in Spellcasting
  9812 | D:7      | Noticed a hornet
  9819 | D:7      | Killed a hornet
  9820 | D:7      | Reached skill level 10 in Spellcasting
  9965 | D:7      | Reached skill level 11 in Spellcasting
 10404 | D:7      | Learned a level 5 spell: Agony
 10548 | D:7      | Noticed a white ugly thing
 10608 | D:7      | Reached XP level 9. HP: 43/57 MP: 24/24
 11390 | D:8      | Reached * piety under Sif Muna
 11512 | D:8      | Found Sapn's Book Shop.
 11552 | D:8      | Reached skill level 12 in Spellcasting
 12117 | D:8      | Reached skill level 1 in Conjurations
 12117 | D:8      | Reached skill level 1 in Fire Magic
 12426 | D:8      | Reached skill level 2 in Conjurations
 12426 | D:8      | Reached skill level 2 in Fire Magic
 12911 | D:8      | Bought a book of Flames for 525 gold pieces
 12916 | D:8      | Learned a level 4 spell: Sticky Flame
 13060 | D:5      | Reached skill level 3 in Conjurations
 13060 | D:5      | Reached skill level 3 in Fire Magic
 13241 | D:5      | Found a sacrificial altar of Ru.
 13855 | D:5      | Found a staircase to the Ecumenical Temple.
 14190 | D:3      | Found a snail-covered altar of Cheibriados.
 14190 | D:3      | Found a faded altar of an unknown god.
 14417 | D:9      | Slain by an orc warrior

Illustrated notes

Levels and vault maps discovered:
D:1:      dpeg_arrival_three_same_balls, layout_basic
D:2:      layout_basic, solitary_fountain
D:3:      layout_basic, chequers_ecumenical_altar_simple, cheibriados_altar_1
D:4:      layout_loops_ring, vehumet_crystals
D:5:      layout_basic, minmay_temple_entry_poolview, serial_bayou_pond_e,
          nicolae_ru_awakened_eye
D:6:      minmay_flawed_box, layout_loops_cross, minmay_small_thing, uniq_edmund
D:7:      layout_loops_ring, minmay_shop_chei
D:8:      minmay_recursive_quarters, layout_basic, kennysheep_windowed_goal
D:9:      layout_long_grid, uniq_pikel, uniq_erolcha
Temple:   kilobyte_greek_temple

Skill      XL: |  1  2  3  4  5  6  7  8  9 |
---------------+----------------------------+-----
Spellcasting   | 3 4 5 8 11 12 | 12.4
Necromancy     | 5 6 |  6.0
Shields        | 1 3 4 |  4.0
Conjurations   | 3 |  3.3
Fire Magic     | 3 |  3.4
Dodging        | |  1.5
Stealth        | |  1.5

Action                   |  1- 3 |  4- 6 |  7- 9 || total
-------------------------+-------+-------+-------++-------
Melee: Dagger            |    19 |    22 |   126 ||   167
       Short sword       |     1 |    26 |       ||    27
       Flail             |       |       |     2 ||     2
Throw: Dart              |       |     6 |    34 ||    40
 Cast: Pain              |    71 |   118 |   178 ||   367
       Vampiric Draining |       |       |    21 ||    21
       Sticky Flame      |       |       |     7 ||     7
  Use: Scroll            |     2 |     1 |     4 ||     7
 Stab: Sleeping          |       |     1 |     1 ||     2
Armor: Robe              |     4 |     3 |       ||     7
       Leather armour    |       |       |    53 ||    53
Dodge: Dodged            |    17 |    26 |   103 ||   146
Block: Buckler           |       |    12 |    78 ||    90

Table legend: (Time is in decaauts)
 A = Elapsed time spent in this place.
 B = Non-inter-level travel time spent in this place.
 C = Inter-level travel time spent in this place.
 D = Time resting spent in this place.
 E = Time spent auto-exploring this place.
 F = Levels seen in this place.
 G = Mean time per level.
                   A        B        C        D        E       F      G
               +--------+--------+--------+--------+--------+-----+--------+
         Total |  14450 |  13514 |    936 |   1977 |   8949 |  10 | 1445.0 |
       Dungeon |  14234 |  13335 |    899 |   1977 |   8778 |   9 | 1581.6 |
        Temple |    215 |    178 |     37 |      0 |    171 |   1 |  215.0 |
               +--------+--------+--------+--------+--------+-----+--------+

Top non-repeatable levels by time:
     D:5: 3788 daAuts
     D:6: 2253 daAuts
     D:7: 1683 daAuts
     D:8: 1608 daAuts
     D:4: 1467 daAuts
     D:2: 1245 daAuts
     D:1: 1236 daAuts
     D:3: 856 daAuts
  Temple: 215 daAuts
     D:9: 96 daAuts
